[Event "Late-Titled-Tuesday-Blitz-April-30-2024"]
[Site "Chess.com"]
[Date "2024.04.30"]
[Round "1"]
[White "cristianserban1"]
[Black "kleinebeer98"]
[Result "0-1"]
[WhiteElo "2496"]
[BlackElo "2919"]
[TimeControl "180+1"]
[EndTime "14:05:50 PDT"]
[Termination "kleinebeer98 won by resignation"]

1. d4 g6 2. e4 Bg7 3. Nc3 b6 4. f4 Bb7 5. Nf3 e6 6. Be3 Ne7 7. Bd3 d6 8. O-O O-O 9. Ne2 Nd7 10. c3 c5 11. a4 Nf6 12. Ng3 Ng4 13. Bd2 a6 14. h3 Nf6 15. Qe2 Qc7 16. e5 Nd7 17.
Ne4 Bxe4 18. Bxe4 d5 19. Bd3 c4 20. Bc2 b5 21. g4 bxa4 22. Rxa4 Rfb8 23. Ra2 Rb6 24. Kh2 Rab8 25. Bc1 f5 26. exf6 Bxf6 27. Ne5 Bg7 28. f5 Nxe5 29. Bf4 Rxb2 30. Rxb2 Rxb2 31.
dxe5 exf5 32. gxf5 Nxf5 33. e6 Qe7 34. Re1 d4 35.
Bc1 d3 0-1

[Event "Late-Titled-Tuesday-Blitz-April-30-2024"]
[Site "Chess.com"]
[Date "2024.04.30"]
[Round "1"]
[White "MusicCityMaster"]
[Black "samidescalona2002"]
[Result "0-1"]
[WhiteElo "2438"]
[BlackElo "2785"]
[TimeControl "180+1"]
[EndTime "14:05:56 PDT"]
[Termination "samidescalona2002 won by resignation"]

1. d4 Nf6 2. c4 g6 3. Nc3 Bg7 4. e4 d6 5. Nf3 O-O 6. Be2 Nbd7 7.
O-O e5 8. Re1 Qe7 9. d5 c5 10.
a4 Kh8 11. Ra3 Ng8 12. Bg5 f6 13. Bh4 Nh6 14. Nd2 Nf7 15. Nb5 Qd8 16. Rh3 a6 17.
Nc3 Ng5 18. Bxg5 fxg5 19. Bg4 Nf6 20. Bxc8 Rxc8 21. Nf1 Nh5 22. Qg4 Nf4 23. Rg3 h5 24. Qxg5 Qxg5 25. Rxg5 Kh7 26. Rg3 Bf6 27. b3 Bh4 28.
Rf3 Nh3+ 29. Rxh3 Bxf2+ 30. Kh1 Bxe1 31. Kg1 Bf2+ 32. Kh1 Bd4 33. Nd2 Rf2 34. Ncb1 Rcf8 35. g4 Kh6 36. gxh5 gxh5 37. Rg3 Re2 0-1

[Event "Late-Titled-Tuesday-Blitz-April-30-2024"]
[Site "Chess.com"]
[Date "2024.04.30"]
[Round "1"]
[White "Mugiwara2b"]
[Black "Vincefm"]
[Result "1-0"]
[WhiteElo "2617"]
[BlackElo "2280"]
[TimeControl "180+1"]
[EndTime "14:05:56 PDT"]
[Termination "Mugiwara2b won by checkmate"]

1. e4 e5 2. Nf3 Nc6 3. Bb5 a6 4. Ba4 d6 5. Bxc6+ bxc6 6. d4 exd4 7. Qxd4 Nf6 8. O-O Be7 9. c4 O-O 10. Nc3 Nd7 11. Bf4 Bf6 12. Qd2 Re8 13. Rfe1 Ne5 14.
Nxe5 Bxe5 15. Bxe5 Rxe5 16. f4 Re8 17. c5 Bb7 18.
Rad1 d5 19. exd5 Rxe1+ 20. Rxe1 cxd5 21. Re5 c6 22. Qd4 Qd7 23. Rg5 f5 24. Ne2 h6 25.
Rg6 Re8 26. Ng3 a5 27. Nxf5 Re7 28. Nxe7+ Qxe7 29. Qe5 Qh4 30. Qxg7# 1-0

[Event "Late-Titled-Tuesday-Blitz-April-30-2024"]
[Site "Chess.com"]
[Date "2024.04.30"]
[Round "1"]
[White "TangerineandLemon25"]
[Black "realburq"]
[Result "1-0"]
[WhiteElo "2676"]
[BlackElo "2380"]
[TimeControl "180+1"]
[EndTime "14:05:58 PDT"]
[Termination "TangerineandLemon25 won by resignation"]

1. e4 e5 2. Nf3 Nc6 3. Bc4 Be7 4.
Nc3 Nf6 5. a4 d6 6. h3 O-O 7. d4 exd4 8. Nxd4 Bd7 9. Be3 Nxd4 10. Qxd4 Bc6 11. O-O-O a6 12. Nd5 b5 13. Bb3 bxa4 14.
Bxa4 Bxa4 15. Qxa4 Nxd5 16. exd5 Bf6 17. Rhe1 Re8 18.
Bd4 Rxe1 19. Rxe1 h6 20. Be3 Rb8 21. c3 Qc8 22. Ba7 Ra8 23. Be3 Rb8 24. Qc6 Qf5 25.
Qxc7 Rc8 26. Qa5 Qd3 27. Bd2 Rb8 28. Qa4 Rxb2 29. Re8+ Kh7 30. Kxb2 Qxd2+ 31. Qc2+ Qxc2+ 32. Kxc2 1-0

[Event "Late-Titled-Tuesday-Blitz-April-30-2024"]
[Site "Chess.com"]
[Date "2024.04.30"]
[Round "1"]
[White "SRob2003"]
[Black "egnfanclub"]
[Result "1-0"]
[WhiteElo "2672"]
[BlackElo "2373"]
[TimeControl "180+1"]
[EndTime "14:06:00 PDT"]
[Termination "SRob2003 won by resignation"]

1. c4 c5 2. g3 Nf6 3. Bg2 d5 4.
cxd5 Nxd5 5. Nc3 Nc7 6. Qa4+ Bd7 7. Qb3 Bc6 8. Bxc6+ Nxc6 9. Qxb7 Nd4 10. Qe4 f5 11. Qb1 e6 12. e3 Nc6 13. Nge2 Be7 14. O-O O-O 15. Rd1 Bf6 16. d4 cxd4 17. exd4 Nxd4 18.
Nxd4 Bxd4 19. Be3 e5 20. Ne2 Ne6 21. Qd3 Bxe3 22. Qxe3 Qf6 23. Rd6 e4 24. Qb3 Rfe8 25.
Nf4 Rab8 26. Rxe6 Qxe6 27. Qxe6+ Rxe6 28. Nxe6 Rxb2 29. Nd4 g6 30. a4 Kg7 31. a5 a6 32.
Ne6+ Kf6 33. Nc5 g5 34. Nxa6 f4 35. Nc5 Ke5 36. a6 1-0

[Event "Late-Titled-Tuesday-Blitz-April-30-2024"]
[Site "Chess.com"]
[Date "2024.04.30"]
[Round "1"]
[White "th3d4rkness"]
[Black "toninhojit"]
[Result "0-1"]
[WhiteElo "2165"]
[BlackElo "2564"]
[TimeControl "180+1"]
[EndTime "14:06:00 PDT"]
[Termination "toninhojit won by resignation"]

1. e4 g6 2. d4 Bg7 3. Nc3 d6 4. Be3 c6 5. Qd2 b5 6. f3 Nd7 7. Nge2 Nb6 8. Nc1 e6 9. a3 a6 10. Be2 h5 11. O-O Ne7 12. h3 d5 13. Nb3 O-O 14. Nc5 Nd7 15. Nxd7 Bxd7 16. exd5 exd5 17. Bh6 Nf5 18. Bxg7 Kxg7 19. Rad1 Qf6 20. Na2 Rae8 21. Rfe1 Ne3 22. Rc1 Qg5 23. Bf1 Bxh3 24. Rxe3 Rxe3 25. f4 Qxf4 26. Re1 Rfe8 27. Rxe3 Rxe3 28. Nb4 Bd7 29.
c3 h4 30. Qf2 Qxf2+ 31. Kxf2 Re4 32. Nxa6 Rf4+ 33. Kg1 g5 34. Nc5 Bc8 35. a4 bxa4 36. Nxa4 Re4 37. Nc5 Re1 38. Kf2 Rb1 39. b4 Rb2+ 40. Kf3 g4+ 41. Kf4 Rf2+ 0-1

[Event "Late-Titled-Tuesday-Blitz-April-30-2024"]
[Site "Chess.com"]
[Date "2024.04.30"]
[Round "1"]
[White "Navyblue1"]
[Black "Dhaydon19"]
[Result "0-1"]
[WhiteElo "2244"]
[BlackElo "2597"]
[TimeControl "180+1"]
[EndTime "14:06:01 PDT"]
[Termination "Dhaydon19 won by resignation"]

1. d4 Nf6 2. c4 e6 3. Nf3 Bb4+ 4. Bd2 Qe7 5. Nc3 b6 6. g3 Bb7 7. Bg2 O-O 8. O-O d5 9. Ne5 c5 10. dxc5 Bxc5 11. cxd5 exd5 12. Nd3 Nbd7 13. Rc1 Rac8 14. a3 Ne4 15. Nxc5 Ndxc5 16. Be3 Rfd8 17. Bd4 Ne6 18.
Qd3 Nxc3 19. Rxc3 Rxc3 20. Qxc3 Nxd4 21. Qxd4 Qxe2 22. Rd1 g6 23. h4 h5 24. Rc1 Qe7 25. Rc3 Rd6 26. Kh2 Re6 27. Qf4 Bc6 28. Qb8+ Kg7 29.
Qc8 Qd6 30. Qa6 Rf6 31. f4 Qd7 32. Qxa7 Qxa7 0-1

[Event "Late-Titled-Tuesday-Blitz-April-30-2024"]
[Site "Chess.com"]
[Date "2024.04.30"]
[Round "1"]
[White "MarkoPe"]
[Black "GaiozNigalidze"]
[Result "1-0"]
[WhiteElo "2465"]
[BlackElo "2730"]
[TimeControl "180+1"]
[EndTime "14:06:02 PDT"]
[Termination "MarkoPe won on time"]

1. d4 Nf6 2. g3 e6 3. Bg2 d5 4. Nf3 Be7 5. O-O O-O 6. c4 b6 7. Nc3 Bb7 8. b3 Nbd7 9. Bb2 dxc4 10. bxc4 c5 11. d5 exd5 12. cxd5 Re8 13. e4 Bd6 14.
Re1 a6 15. Qc2 b5 16. Rad1 Qc7 17. Nh4 Be5 18. Nf5 g6 19. Ne3 Bd4 20. Ne2 Bxb2 21. Qxb2 Nxe4 22. d6 Nxd6 23. Rxd6 1-0

[Event "Late-Titled-Tuesday-Blitz-April-30-2024"]
[Site "Chess.com"]
[Date "2024.04.30"]
[Round "1"]
[White "QuintilianoR"]
[Black "semchik90"]
[Result "1-0"]
[WhiteElo "2715"]
[BlackElo "2414"]
[TimeControl "180+1"]
[EndTime "14:06:04 PDT"]
[Termination "QuintilianoR won by resignation"]

1. c4 e5 2. Nc3 Nf6 3. Nf3 Nc6 4. d3 d5 5. cxd5 Nxd5 6. e4 Nf6 7. Be2 Be7 8. O-O O-O 9. h3 h6 10. Be3 Be6 11. d4 exd4 12. Nxd4 Nxd4 13. Bxd4 c5 14. Be3 a6 15. a4 Qc7 16. Qc2 Rfd8 17. f4 Qb6 18. f5 Bb3 19. Qc1 Qb4 20. e5 Nd5 21. f6 Nxe3 22. fxe7 Qd4 23. exd8=Q+ Rxd8 24. Rf2 Nc2 25.
Rb1 Qxe5 26. Qf4 Qe7 27. Bh5 g6 28. Bd1 Rd4 29. Qxh6 Rh4 30. Qd2 Rd4 31. Qe2 Qd6 32. Bxc2 Bc4 33. Qf3 b5 34. axb5 axb5 35. Re1 Be6 36.
Bxg6 fxg6 37. Rxe6 1-0

[Event "Late-Titled-Tuesday-Blitz-April-30-2024"]
[Site "Chess.com"]
[Date "2024.04.30"]
[Round "1"]
[White "dealshark"]
[Black "Shuvalov"]
[Result "0-1"]
[WhiteElo "2291"]
[BlackElo "2618"]
[TimeControl "180+1"]
[EndTime "14:06:04 PDT"]
[Termination "Shuvalov won by resignation"]

1. e4 e6 2. d3 d5 3. Qe2 Be7 4. Nf3 c5 5. g3 Nc6 6. Bg2 Nf6 7. e5 Nd7 8. c4 O-O 9. O-O a6 10. h4 b5 11. cxd5 exd5 12. e6 Nb6 13. exf7+ Rxf7 14. Ng5 Bxg5 15. Bxg5 Qd6 16. Re1 Bf5 17. Nc3 Nd4 18.
Qd2 Bh3 19. Bf4 Qd7 20. Re5 Bxg2 21. Kxg2 Qg4 22. Qe3 Raf8 23. Rg5 Qd7 24. Re1 Nc2 25. Qe6 Nxe1+ 26. Qxe1 b4 27. Nd1 d4 28. Re5 Nd5 29. Bd2 Re7 30. Rxd5 Qxd5+ 31. Kg1 Rxe1+ 0-1

[Event "Late-Titled-Tuesday-Blitz-April-30-2024"]
[Site "Chess.com"]
[Date "2024.04.30"]
[Round "1"]
[White "DanielNaroditsky"]
[Black "Caterpiller35"]
[Result "1-0"]
[WhiteElo "3041"]
[BlackElo "2517"]
[TimeControl "180+1"]
[EndTime "14:06:05 PDT"]
[Termination "DanielNaroditsky won by resignation"]

1. e4 c5 2. c3 d5 3. exd5 Qxd5 4. d4 Nc6 5. Nf3 Bf5 6. Be3 cxd4 7. Nxd4 Nf6 8. Nxf5 Qxf5 9. Na3 Rd8 10. Qb3 Qd7 11.
Be2 e6 12. O-O Bd6 13. Rad1 Qe7 14. Nc4 Bb8 15. Rxd8+ Nxd8 16. Rd1 O-O 17. Bf3 Nc6 18. Qb5 Qc7 19. g3 a6 20. Qb6 Qxb6 21. Bxb6 Rc8 22. Na5 Nxa5 23. Bxa5 Nd5 24. Bxd5 exd5 25. Rxd5 f6 26.
Rd7 b5 27. h4 h5 28. Rb7 g5 29.
Rb6 gxh4 30. gxh4 Rc4 31. Rxb8+ 1-0

[Event "Late-Titled-Tuesday-Blitz-April-30-2024"]
[Site "Chess.com"]
[Date "2024.04.30"]
[Round "1"]
[White "protectiago"]
[Black "rdarruda"]
[Result "0-1"]
[WhiteElo "2042"]
[BlackElo "2549"]
[TimeControl "180+1"]
[EndTime "14:06:06 PDT"]
[Termination "rdarruda won by resignation"]

1. d4 Nf6 2. c4 e5 3. dxe5 Ne4 4. e6 dxe6 5. Qxd8+ Kxd8 6. Nf3 Nc6 7. a3 a5 8. g3 Bc5 9. e3 e5 10. Bg2 Be6 11. Nfd2 Nxd2 12. Nxd2 Ke7 13. O-O Rhd8 14. Ne4 Ba7 15. b3 a4 16. Ng5 axb3 17. Nxe6 fxe6 18.
Bb2 Rd2 19. Rab1 Na5 20. Bxe5 c6 21. Bxg7 Bc5 22. Bc3 Nxc4 23. Rxb3 Rd7 24. Bb4 Bxb4 25. axb4 Nd2 26. Rbb1 Nxf1 27. Bxf1 Rd2 28. b5 c5 29. Bg2 Raa2 30. Bxb7 Rab2 31. Rxb2 Rxb2 32. Bc6 c4 33. Kf1 c3 34. Ke1 Rb1+ 35. Ke2 c2 0-1

[Event "Late-Titled-Tuesday-Blitz-April-30-2024"]
[Site "Chess.com"]
[Date "2024.04.30"]
[Round "1"]
[White "simaopdias"]
[Black "Jimonios"]
[Result "0-1"]
[WhiteElo "2318"]
[BlackElo "2631"]
[TimeControl "180+1"]
[EndTime "14:06:07 PDT"]
[Termination "Jimonios won by resignation"]

1. e4 Nc6 2. Nf3 d6 3. d4 Nf6 4. Nc3 g6 5. Bg5 Bg7 6. Qd2 h6 7.
Be3 Ng4 8. O-O-O Nxe3 9. Qxe3 e5 10. dxe5 Nxe5 11. Nxe5 Bxe5 12. f4 Bg7 13. e5 O-O 14.
exd6 cxd6 15. Nb5 Qa5 16. Kb1 Be6 17. a3 a6 18. Nxd6 Rfd8 19. Be2 Qc7 20. Ne4 Re8 21. Qc5 Qxc5 22. Nxc5 Ba2+ 23. Kxa2 Rxe2 24. Kb1 Rc8 25. Nd3 Rcxc2 26. g4 Rcd2 27. h4 b5 28. Rxd2 Rxd2 29. Ne5 g5 30. hxg5 hxg5 31. Rc1 gxf4 32. Rc8+ Kh7 33.
Nxf7 Kg6 34. Nd8 f3 35. Ne6 f2 0-1

[Event "Late-Titled-Tuesday-Blitz-April-30-2024"]
[Site "Chess.com"]
[Date "2024.04.30"]
[Round "1"]
[White "brother-bear"]
[Black "dennisodessa"]
[Result "0-1"]
[WhiteElo "2054"]
[BlackElo "2553"]
[TimeControl "180+1"]
[EndTime "14:06:11 PDT"]
[Termination "dennisodessa won on time"]

1. d4 Nf6 2. c4 e6 3. Nf3 Bb4+ 4. Bd2 a5 5. g3 b6 6. Bg2 Bb7 7. O-O O-O 8. Bg5 Be7 9. Nc3 Ne4 10. Nxe4 Bxe4 11. Bxe7 Qxe7 12. Rc1 d6 13. Qd2 Nd7 14. d5 e5 15. Nh4 Bxg2 16. Nxg2 f5 17. f4 Rae8 18. Rce1 Nc5 19. e3 Qf6 20. Nh4 g5 21. Nf3 exf4 22. exf4 gxf4 23. Qxf4 Nd3 24. Rxe8 Nxf4 25.
Rxf8+ Kxf8 26. gxf4 Qxb2 27. Ng5 Qxa2 28. Ne6+ Kf7 29.
Nxc7 Qxc4 0-1

[Event "Late-Titled-Tuesday-Blitz-April-30-2024"]
[Site "Chess.com"]
[Date "2024.04.30"]
[Round "1"]
[White "Crazy_girl99"]
[Black "MNyuyu"]
[Result "1-0"]
[WhiteElo "2659"]
[BlackElo "2360"]
[TimeControl "180+1"]
[EndTime "14:06:14 PDT"]
[Termination "Crazy_girl99 won by resignation"]

1. e4 d5 2. exd5 Qxd5 3. Nf3 Bg4 4. Be2 c6 5. Nc3 Qd6 6. d4 e6 7. O-O Nf6 8. Be3 Nbd7 9. h3 Bh5 10. Nd2 Bg6 11. Nc4 Qc7 12. Qd2 Be7 13. Bf4 Qd8 14. Bf3 O-O 15. Rad1 Nd5 16. Nxd5 cxd5 17. Ne5 Nxe5 18. Bxe5 Bf6 19. Rfe1 Bxe5 20. Rxe5 b5 21.
c3 a5 22. a3 Rb8 23. h4 h6 24. h5 Bh7 25. Rde1 b4 26. cxb4 axb4 27. a4 b3 28. R5e3 Qd7 29. a5 Rfc8 30. Bd1 Bc2 31. Rg3 Kf8 32.
Rc3 Rxc3 33. Qxc3 Rc8 34. Qb4+ Kg8 35. a6 Qa7 36. Be2 Rb8 37. Qc5 Qxc5 38. dxc5 d4 39.
Bf3 d3 40. a7 Rd8 41. Ra1 f5 42. a8=Q Rxa8 43. Rxa8+ Kf7 44. c6 e5 45. c7 e4 46.
c8=Q exf3 47. Qe8+ Kf6 48. Ra6+ 1-0

[Event "Late-Titled-Tuesday-Blitz-April-30-2024"]
[Site "Chess.com"]
[Date "2024.04.30"]
[Round "1"]
[White "e4evr"]
[Black "Statham_01"]
[Result "0-1"]
[WhiteElo "2226"]
[BlackElo "2586"]
[TimeControl "180+1"]
[EndTime "14:06:14 PDT"]
[Termination "Statham_01 won by checkmate"]

1. d4 d5 2. c4 Nc6 3. cxd5 Qxd5 4. e3 e5 5. Nc3 Bb4 6. Bd2 Bxc3 7. bxc3 Nf6 8. Ne2 h5 9. Qb3 Qd6 10. Nc1 O-O 11. Be2 Be6 12. Qxb7 Ne4 13. Nb3 Rab8 14. Qa6 Bxb3 15. axb3 Nxd2 16. Kxd2 exd4 17. exd4 Rxb3 18.
Rab1 Ra3 19. Qc4 Ne5 20. Qb4 Ra2+ 21. Ke1 Qh6 22. Kf1 Ng6 23. Bc4 Rd2 24. g3 Qg5 25.
h4 Qf5 26. Rh2 c5 27. dxc5 Ne5 28. Be2 Rxe2 29. Kxe2 Qd3+ 30. Ke1 Nf3# 0-1

[Event "Late-Titled-Tuesday-Blitz-April-30-2024"]
[Site "Chess.com"]
[Date "2024.04.30"]
[Round "1"]
[White "DonJuanEGenaro"]
[Black "KnobbedHornbill"]
[Result "0-1"]
[WhiteElo "2049"]
[BlackElo "2550"]
[TimeControl "180+1"]
[EndTime "14:06:16 PDT"]
[Termination "KnobbedHornbill won by resignation"]

1. d4 d5 2. Nf3 Nf6 3. c4 c6 4. cxd5 cxd5 5. Nc3 Nc6 6. Bf4 Bf5 7. e3 e6 8. Bb5 Nd7 9. O-O Be7 10. a3 O-O 11. b4 Nb6 12. Qb3 Rc8 13. Rfc1 a6 14. Be2 h6 15. Ne5 Nxe5 16. Bxe5 Nc4 17. Bxc4 dxc4 18.
Qa4 Bd3 19. Ra2 Qb6 20. Rd2 Rfd8 21. Nd1 Qb5 22. Nc3 Qb6 23. Qd1 a5 24. Na4 Qa7 25. Nc5 Bg6 26. Qa4 b6 27. Rxc4 bxc5 28. bxc5 Be4 29. c6 Qb6 30. c7 Rd7 31. Qxd7 Qb1+ 0-1

[Event "Late-Titled-Tuesday-Blitz-April-30-2024"]
[Site "Chess.com"]
[Date "2024.04.30"]
[Round "1"]
[White "dasatcu90"]
[Black "yaguigor"]
[Result "1/2-1/2"]
[WhiteElo "2211"]
[BlackElo "2571"]
[TimeControl "180+1"]
[EndTime "14:06:18 PDT"]
[Termination "Game drawn by stalemate"]

1. d4 Nf6 2. Nf3 d5 3. e3 c5 4.
c4 cxd4 5. exd4 Nc6 6. Nc3 Bg4 7. cxd5 Nxd5 8. Qb3 Bxf3 9. gxf3 e6 10. Qxb7 Nxd4 11. Bb5+ Nxb5 12. Qc6+ Ke7 13. Qxb5 Qd7 14. Nxd5+ Qxd5 15. Qxd5 exd5 16. Be3 Ke6 17. O-O-O Bb4 18. a3 Rhc8+ 19.
Kb1 Bc5 20. Rhe1 Bxe3 21. fxe3 Rc4 22. Rd3 Rh4 23. Re2 Rc8 24. Red2 Rc5 25. b4 Rb5 26. Ka2 a5 27. bxa5 Ra4 28. Rd4 Raxa5 29. a4 Rc5 30. Kb3 Rc6 31. Rb4 Rac5 32. Rd3 Rc1 33. h4 h5 34. Rb5 Rb1+ 35. Ka3 Rxb5 36. axb5 Rc4 37. b6 Kd6 38. e4 Kc6 39. Rxd5 Rc3+ 40. Kb4 Rxf3 41.
b7 Kxb7 42. Rxh5 Rf4 43. Re5 Kc6 44. h5 Kd6 45. Re8 f5 46. Kc3 Rxe4 47. Rxe4 fxe4 48.
Kd4 e3 49. Kxe3 Ke5 50. h6 gxh6 51. Kf3 Kf5 52. Kg3 Kg5 53. Kh3 h5 54. Kg3 h4+ 55. Kh3 Kh5 56. Kh2 Kg4 57. Kg2 h3+ 58. Kh2 Kh4 59. Kh1 Kg3 60. Kg1 h2+ 61. Kh1 Kh3 1/2-1/2

[Event "Late-Titled-Tuesday-Blitz-April-30-2024"]
[Site "Chess.com"]
[Date "2024.04.30"]
[Round "1"]
[White "NowInChess"]
[Black "vladgoncharov"]
[Result "0-1"]
[WhiteElo "2254"]
[BlackElo "2603"]
[TimeControl "180+1"]
[EndTime "14:06:21 PDT"]
[Termination "vladgoncharov won on time"]

1. e4 e6 2. d3 d5 3. Nd2 c5 4. g3 Nc6 5. Bg2 Nf6 6. Ngf3 g6 7. O-O Bg7 8. Re1 O-O 9. c3 a5 10. a4 b6 11. e5 Ng4 12. d4 cxd4 13. cxd4 Nb4 14.
Nb3 Ba6 15. Bf1 f6 16. Bxa6 Rxa6 17. h3 Nh6 18. Bf4 Nf5 19. Qe2 g5 20. exf6 gxf4 21.
Qxe6+ Rf7 22. fxg7 fxg3 23. Ne5 gxf2+ 24. Kxf2 Qh4+ 25. Ke2 Ng3+ 26. Kd1 Ra7 27. Qe8+ Kxg7 28. Nxf7 Rxf7 29. Qe5+ Rf6 30. Rh1 Nxh1 31. Qe7+ Kh6 32.
Qe3+ Qf4 0-1

[Event "Late-Titled-Tuesday-Blitz-April-30-2024"]
[Site "Chess.com"]
[Date "2024.04.30"]
[Round "1"]
[White "GM_dmitrij"]
[Black "Levanzovsky"]
[Result "1-0"]
[WhiteElo "2971"]
[BlackElo "2503"]
[TimeControl "180+1"]
[EndTime "14:06:22 PDT"]
[Termination "GM_dmitrij won by resignation"]

1. d4 Nf6 2. Nf3 e6 3. Bf4 d5 4. Nbd2 c5 5. e3 Nc6 6. c3 cxd4 7. exd4 Nh5 8. Bg5 f6 9. Bh4 Nf4 10. Bg3 Bd6 11. Nb3 O-O 12. Qd2 Qc7 13. O-O-O Bd7 14. Kb1 a5 15. Nc5 g5 16. h4 Bxc5 17. dxc5 Be8 18.
hxg5 Bg6+ 19. Ka1 fxg5 20. Nxg5 Qe5 21. Nxe6 Qxe6 22. Bxf4 d4 23. Bd6 Nb4 24. cxb4 axb4 25. b3 Qxb3 26. Rc1 Qa3 27. Bc4+ Kh8 28. Be5+ 1-0

[Event "Late-Titled-Tuesday-Blitz-April-30-2024"]
[Site "Chess.com"]
[Date "2024.04.30"]
[Round "1"]
[White "attack2mateU"]
[Black "kaanadayhamle"]
[Result "1-0"]
[WhiteElo "2704"]
[BlackElo "2408"]
[TimeControl "180+1"]
[EndTime "14:06:24 PDT"]
[Termination "attack2mateU won by resignation"]

1. e4 c6 2. Nc3 d5 3. Nf3 Nf6 4. e5 Ne4 5. Ne2 g6 6. d3 Nc5 7. d4 Ncd7 8. e6 fxe6 9. Nf4 Nf6 10.
Bd3 Bg7 11. h4 c5 12. h5 c4 13. Be2 gxh5 14. Ne5 O-O 15. Nxh5 Nc6 16. Nxg7 Kxg7 17. Bh6+ Kg8 18. Rh3 Nxe5 19. dxe5 Ne4 20. Bd3 cxd3 21.
Qg4+ Kf7 22. Rf3+ Nf6 23. Qg7+ Ke8 24. Qxf8+ Kd7 25. Qxd8+ Kxd8 26. exf6 1-0

[Event "Late-Titled-Tuesday-Blitz-April-30-2024"]
[Site "Chess.com"]
[Date "2024.04.30"]
[Round "1"]
[White "vanyakuba"]
[Black "lamomiajunior"]
[Result "0-1"]
[WhiteElo "2428"]
[BlackElo "2753"]
[TimeControl "180+1"]
[EndTime "14:06:26 PDT"]
[Termination "lamomiajunior won by resignation"]

1. e4 c5 2. c3 Nf6 3. e5 Nd5 4. d4 Nc6 5. f4 cxd4 6. cxd4 d6 7. Nc3 dxe5 8. dxe5 Nxc3 9. Qxd8+ Kxd8 10. bxc3 Kc7 11. Be3 g6 12. Nf3 f6 13. O-O-O Be6 14. Kb2 fxe5 15.
Nxe5 Bg7 16. Nxc6 bxc6 17. Bd4 Rab8+ 18. Ka1 Bxd4 19. Rxd4 Rhd8 20. Be2 Rxd4 21. cxd4 Bd5 22. Rb1 Rxb1+ 23. Kxb1 Bxg2 24. Kb2 Kd6 25. Kc3 c5 26. Bg4 Be4 27. a3 Kd5 28. dxc5 Kxc5 29. Be6 Bd5 30. Bd7 Kd6 31. Be8 e5 32. fxe5+ Kxe5 33. Kb4 Kf4 34. Ka5 Bb7 35. Bb5 Kf3 36. Ba6 Bd5 37. Bc8 Kg2 38.
h4 Kg3 39. h5 gxh5 40. Ka6 h4 41. Kxa7 h3 0-1

[Event "Late-Titled-Tuesday-Blitz-April-30-2024"]
[Site "Chess.com"]
[Date "2024.04.30"]
[Round "1"]
[White "hammahamma"]
[Black "xberli"]
[Result "0-1"]
[WhiteElo "2294"]
[BlackElo "2622"]
[TimeControl "180+1"]
[EndTime "14:06:27 PDT"]
[Termination "xberli won by resignation"]

1. e4 c5 2. b3 Nf6 3. Nc3 Nc6 4.
Bb2 g6 5. e5 Nxe5 6. Qe2 d6 7.
O-O-O Bg7 8. h3 O-O 9. f4 Nc6 10.
g4 Nd4 11. Qf2 Qa5 12. Kb1 b5 13. Bg2 Rb8 14. Nf3 Bb7 15. Nxd4 cxd4 16. Ne2 Ne4 17. Bxe4 Bxe4 18. Nxd4 Rfc8 19. Rhe1 Bxc2+ 20. Nxc2 Rxc2 21. Kxc2 Qxa2 22. Rb1 Bxb2 23. Kd3 Qxb3+ 24. Ke2 Qc4+ 25. Kf3 Qd5+ 26. Kg3 Bf6 27. Qf3 Qxd2 28. Re2 Qd4 29. Reb2 a6 30. Rb4 Qc5 31. R4b3 h6 32. Qe4 a5 33.
Qd3 b4 34. Qd2 Kg7 35. Rc1 Qb5 36. g5 hxg5 37. fxg5 Bxg5 38. Qd4+ Bf6 39. Qc4 Qg5+ 40.
Kf2 Be5 41. Qd3 Qxc1 0-1

[Event "Late-Titled-Tuesday-Blitz-April-30-2024"]
[Site "Chess.com"]
[Date "2024.04.30"]
[Round "1"]
[White "WoodlandMagic"]
[Black "Real_taiatai"]
[Result "1-0"]
[WhiteElo "2877"]
[BlackElo "2479"]
[TimeControl "180+1"]
[EndTime "14:06:28 PDT"]
[Termination "WoodlandMagic won by resignation"]

1. Nf3 Nf6 2. d4 d5 3. Bf4 c5 4. e3 Nc6 5. Nbd2 Qb6 6. dxc5 Qxc5 7. a3 a5 8. a4 Bf5 9. c3 h6 10. Bb5 e6 11. Nd4 Bg6 12. b4 Qb6 13. bxa5 Qxa5 14. Nxc6 bxc6 15. Bxc6+ Kd8 16. Bxa8 Qxa8 17. O-O Bc5 18. a5 Ke7 19. a6 Bd3 20. Nb3 Bxf1 21. Nxc5 Bc4 22. Qb1 Rc8 23. Qb7+ Kf8 24. h3 Bxa6 25.
Qxa8 Rxa8 26. Rxa6 Rc8 27. Rb6 Ne8 28. Rb8 Rc6 29. e4 Ke7 30. Be3 dxe4 31. Rb7+ Kf6 32.
Nxe4+ Kf5 33. f3 Kg6 34. Rb6 Rc7 35. Kf2 Ra7 36. Rxe6+ fxe6 37. Bxa7 Kf5 38. Bd4 Nc7 39. Bxg7 Na6 40. Bxh6 1-0

[Event "Late-Titled-Tuesday-Blitz-April-30-2024"]
[Site "Chess.com"]
[Date "2024.04.30"]
[Round "1"]
[White "Jarming"]
[Black "Jahonas"]
[Result "1-0"]
[WhiteElo "2682"]
[BlackElo "2388"]
[TimeControl "180+1"]
[EndTime "14:06:28 PDT"]
[Termination "Jarming won by resignation"]

1. d4 Nf6 2. c4 g6 3. g3 d5 4. Bg2 c6 5. Nf3 Bg7 6. Qb3 O-O 7. Nc3 dxc4 8. Qxc4 Nbd7 9. e3 a6 10. O-O Qc7 11.
e4 e5 12. dxe5 Nxe5 13. Nxe5 Qxe5 14. Bf4 Qe6 15. Qb4 Re8 16. Rad1 Nd7 17. Bd6 a5 18. Qa4 Nb6 19. Qc2 Nc4 20. Bf4 b5 21. b3 Ne5 22.
h3 Bb7 23. Be3 a4 24. bxa4 Nc4 25. Bd4 Bxd4 26. Rxd4 Qe5 27. Rfd1 Ba6 28. axb5 cxb5 29. Nd5 Rac8 30. f4 Qe6 31. Qf2 Nb6 32. f5 gxf5 33. exf5 Qh6 34. Rh4 Qg5 35. Rg4 1-0

[Event "Late-Titled-Tuesday-Blitz-April-30-2024"]
[Site "Chess.com"]
[Date "2024.04.30"]
[Round "1"]
[White "Goryachkina"]
[Black "laskakid"]
[Result "1-0"]
[WhiteElo "2690"]
[BlackElo "2398"]
[TimeControl "180+1"]
[EndTime "14:06:30 PDT"]
[Termination "Goryachkina won by resignation"]

1. e4 d6 2. d4 Nf6 3. Nc3 e5 4. Nf3 Nbd7 5. Bc4 Be7 6. O-O O-O 7.
a4 c6 8. Re1 h6 9. h3 Re8 10. Ba2 a5 11. Nh4 exd4 12. Qxd4 Ne5 13. Bf4 g5 14. Bxe5 dxe5 15. Qxd8 Rxd8 16. Nf5 Bxf5 17.
exf5 Rd2 18. Rxe5 Bd6 19. Re2 Rxe2 20. Nxe2 Re8 21. Kf1 Re5 22. Rd1 Bc5 23. g4 h5 24.
f3 Re3 25. Rd3 Rxd3 26. cxd3 hxg4 27. fxg4 Nd5 28. Bxd5 cxd5 29. d4 Bb6 30. Kf2 Kg7 31. Ke3 Kf6 32. Nc3 Bd8 33. Nxd5+ Kg7 34. Ke4 f6 35. Kd3 Kf7 36. Kc4 Ke8 37. Kc5 Kd7 38. b3 Kc8 39. Kd6 Kb8 40. Kd7 1-0

[Event "Late-Titled-Tuesday-Blitz-April-30-2024"]
[Site "Chess.com"]
[Date "2024.04.30"]
[Round "1"]
[White "AlexSuv"]
[Black "MiguelBestard1981"]
[Result "1-0"]
[WhiteElo "2557"]
[BlackElo "2130"]
[TimeControl "180+1"]
[EndTime "14:06:30 PDT"]
[Termination "AlexSuv won by checkmate"]

1. Nf3 d5 2. b3 Bf5 3. Bb2 h6 4. d3 e6 5. Nbd2 Nf6 6. g3 Nbd7 7. Bg2 Be7 8. O-O O-O 9. Re1 Bh7 10. e4 dxe4 11.
dxe4 Nc5 12. e5 Nd5 13. a3 a5 14. Nd4 c6 15. Qe2 Qc7 16. Rad1 Rfd8 17. h4 b5 18. c4 bxc4 19. bxc4 Nd3 20. cxd5 exd5 21. Nf1 Nxe1 22. Qxe1 Rab8 23. Bc3 Rdc8 24. Bxa5 Qa7 25. e6 Bxa3 26. Bh3 f6 27. e7 Re8 28. Nxc6 Qb7 29. Nxb8 Qxb8 30. Bd8 Be4 31. Be6+ Kh8 32. Bxd5 Bxd5 33.
Rxd5 Qb7 34. Qe6 Bxe7 35. Bxe7 Qxe7 36. Qxe7 Rxe7 37. Ne3 Ra7 38. Kg2 Kh7 39. h5 g6 40.
hxg6+ Kxg6 41. Rd6 Ra5 42. Nd5 Kf5 43. Nxf6 Ke5 44.
Rb6 Ra2 45. Ng4+ Kf5 46. Nxh6+ Kg5 47. Nf7+ Kg4 48. Rb4+ Kf5 49. Rf4+ Kg6 50. Ne5+ Kh5 51. g4+ Kh4 52. Nf3# 1-0